 Dungeon Crawl Stone Soup version 0.30.0-19-g36f170ea60 (webtiles) character file.

Game seed: 4650329388396830838

20124 Bnni the Earth Mage (level 13, -3/96 (101) HPs)
             Began as a Formicid Earth Elementalist on May 31, 2023.
             Was an Elder of Cheibriados.
             Slain by Frances
             ... wielding a +0 vampiric halberd
              (12 damage)
             ... on level 12 of the Dungeon.
             The game lasted 00:32:33 (13457 turns).

Bnni the Earth Mage (Formicid Earth Elementalist)  Turns: 13457, Time: 00:32:35

HP:   -3/96 (101)   AC: 20    Str: 31    XL:     13   Next: 9%
MP:   3/26          EV: 11    Int: 40    God:    Cheibriados [****..]
Gold: 814           SH:  0    Dex: 26    Spells: 20/30 levels left

rFire   . . .        J - +8 trident of Dishonesty {drain, Str+3 Int+3 SInv}
rCold   . . .        (no shield)
rNeg    . . .        V - +0 scale mail of Plasticity {Drain Str+5 Int+7 Dex+2}
rPois   .            (helmet unavailable)
rElec   .            o - +0 cloak
rCorr   .            H - +0 pair of gloves
SInv    +            T - +1 pair of boots
Will    ++...        e - amulet of faith
Stlth   +            a - ring of willpower
HPRegen 0.36/turn    x - ring of the Tortoise {AC+8}
MPRegen 0.20/turn

%: faith
@: lightly drained, very slow
A: permanent stasis, dig shafts and tunnels, antennae 3, four strong arms
a: Dig, Shaft Self, Renounce Religion, Bend Time, Temporal Distortion, Slouch


You were on level 12 of the Dungeon.
You worshipped Cheibriados.
Cheibriados was greatly pleased with you.
You visited 2 branches of the dungeon, and saw 13 of its levels.
You also visited: Bailey.

You collected 814 gold pieces.

Inventory:

Hand Weapons
 r - a +2 dagger of venom
 J - the +8 trident of Dishonesty (weapon) {drain, Str+3 Int+3 SInv}
   (You took it off a spriggan in a bailey)

   Str:       It affects your strength (+3).
   Int:       It affects your intelligence (+3).
   SInv:      It lets you see invisible.
 R - the +5 dagger of Batweoqu {vamp, rElec Dex+2}
   (You found it on level 10 of the Dungeon)

   Dex:       It affects your dexterity (+2).
   rElec:     It insulates you from electricity.
Missiles
 B - a boomerang of dispersal
 F - a throwing net
 G - 9 curare-tipped darts
Armour
 o - a +0 cloak (worn)
 H - a +0 pair of gloves (worn)
 T - a +1 pair of boots (worn)
 V - the +0 scale mail of Plasticity (worn) {Drain Str+5 Int+7 Dex+2}
   (You found it on level 11 of the Dungeon)

   Str:       It affects your strength (+5).
   Int:       It affects your intelligence (+7).
   Dex:       It affects your dexterity (+2).
   Drain:     It drains your maximum health when unequipped.
Jewellery
 a - a ring of willpower (left hand)
 c - an amulet of reflection
 e - an amulet of faith (around neck)
 x - the ring of the Tortoise (right hand) {AC+8}
   (You found it on level 6 of the Dungeon)

   [ring of protection]

   AC:        It affects your AC (+8).
 y - the ring "Janop" {Ice rPois Dex+3 Stlth+}
   (You found it on level 8 of the Dungeon)

   [ring of ice]

   It enhances your ice magic.
   Dex:       It affects your dexterity (+3).
   rF:        It makes you vulnerable to fire.
   rC:        It protects you from cold.
   rPois:     It protects you from poison.
   Stlth:     It makes you more stealthy.
Wands
 f - a wand of paralysis (16)
 u - a wand of flame (31)
 D - a wand of mindburst (10)
 O - a wand of polymorph (10)
 S - a wand of roots (2)
Scrolls
 m - 4 scrolls of immolation {unknown}
 n - 2 scrolls of poison {unknown}
 p - 3 scrolls of magic mapping {unknown}
 q - 2 scrolls of amnesia {unknown}
 t - 4 scrolls of fear
 v - a scroll of vulnerability
 C - 3 scrolls of fog {unknown}
 E - 2 scrolls of enchant armour {unknown}
 K - a scroll of butterflies
 P - 2 scrolls of enchant weapon {unknown}
 U - a scroll of silence
Potions
 b - a potion of magic
 d - a potion of resistance {unknown}
 h - 2 potions of curing
 i - 3 potions of might
 j - a potion of heal wounds
 l - a potion of brilliance {unknown}
 w - 4 potions of mutation {unknown}
 z - 2 potions of attraction {unknown}
 A - 3 potions of flight {unknown}
 I - 3 potions of haste {unknown}
 L - 2 potions of invisibility
 M - 2 potions of berserk rage {unknown}
 N - a potion of degeneration {unknown}
 Q - a potion of ambrosia {unknown}
Miscellaneous
 k - a box of beasts


   Skills:
 + Level 9.6 Fighting
 + Level 5.3 Armour
 - Level 1.7 Dodging
 - Level 2.4 Stealth
 + Level 9.2 Spellcasting
 - Level 3.0 Conjurations
 - Level 3.0 Transmutations
 * Level 15.0 Earth Magic
 * Level 10.9 Invocations


You had 20 spell levels left.
You knew the following spells:

 Your Spells              Type           Power      Damage    Failure   Level
a - Sandblast             Erth           100%       2d20      0%          1
b - Passwall              Tmut/Erth      61%        N/A       1%          2
c - Stone Arrow           Conj/Erth      100%       3d13      1%          3
d - Petrify               Tmut/Erth      74%        N/A       1%          4

Your spell library contained the following spells:

 Spells                   Type           Power      Damage    Failure   Level
 Magic Dart               Conj           100%       1d8       1%          1
 Shock                    Conj/Air       100%       1d9       1%          1
 Sting                    Tmut/Pois      100%       1d8       1%          1
 Leda's Liquefaction      Hex/Erth       34%        N/A       1%          4
 Slow                     Hex            72%        N/A       3%          1
 Call Imp                 Summ           36%        N/A       5%          2
 Ensorcelled Hibernation  Hex/Ice        36%        N/A       5%          2
 Poisonous Vapours        Pois/Air       36%        N/A       5%          2
 Mephitic Cloud           Conj/Pois/Air  26%        N/A       8%          3
 Confusing Touch          Hex            18%        N/A       11%         3
 Vampiric Draining        Necr           18%        2d7       11%         3
 Airstrike                Air            9%         2d(2-18)  36%         4
 Olgreb's Toxic Radiance  Pois           18%        N/A       36%         4
 Summon Lightning Spire   Summ/Air       18%        N/A       36%         4
 Storm Form               Tmut/Air       15%        N/A       100%        7
 Maxwell's Capacitive Co  Air            9%         ∞         100%        8
 Swiftness                Air            Unusable   N/A       N/A         3

Dungeon Overview and Level Annotations

Branches:
Dungeon (12/15)            Temple (1/1) D:6            Lair (0/5) D:8
    Orc (0/2) D:11         Bailey (visited)

Altars:
Cheibriados
Dithmenos
Elyvilon
Fedhas
Gozag
Hepliaklqana
Kikubaaqudgha
Makhleb
Nemelex Xobeh
Okawaru
Qazlal
Ru
Sif Muna
Trog
Uskayaw
Vehumet
Wu Jian
Yredelemnul
Zin
The Shining One

Shops:
D:5 :   D:7 *   D:8 [

Annotations:
D:10 2 transporters, u553311's ghost, novice DrAE
D:12 Frances


Innate Abilities, Weirdness & Mutations

You cannot be hasted, slowed, berserked, paralysed or teleported.
You can dig through walls and to a lower floor.
You have a pair of large antennae on your head. (SInv)
Your four strong arms can wield two-handed weapons with a shield.


Message History

Cheibriados appreciates the change of pace.
The fire elemental disappears in a puff of smoke!
You can no longer step out of the flow of time.
Cheibriados lowers the support of your attributes as your movement quickens.
Frances barely misses you. The soul eater hits you!
You feel drained.
Your life force feels restored.
Your Earth Magic skill increases to level 15!
Unknown command.
You don't have enough magic at the moment.
Unknown command.
Unknown command.
You barely miss the soul eater.
The soul eater is almost dead.
Frances hits you from afar with a +0 vampiric halberd!
Frances draws strength from your wounds!
The soul eater hits you but does no damage.
Unknown command.
Reach: J) +8 trident of Dishonesty {drain, Str+3 Int+3 SInv}
Press: ? - help, Dir - move target, f - Frances
Aim: Frances, wielding a +0 vampiric halberd and wearing a +0 ring mail (heavily wounded, fast, poisoned, slow, about 24% to evade the +8 trident of Dishonesty)
The soul eater is in the way.
You closely miss the soul eater.
The soul eater is almost dead.
Frances is no longer moving slowly.
Frances hits you from afar with a +0 vampiric halberd.
The soul eater hits you!
* * * LOW HITPOINT WARNING * * *
You feel drained.
* * * LOW HITPOINT WARNING * * *
Aiming: Sandblast (safe; 0% risk of failure)
Press: ? - help, Q - select action, (/) - cycle Shift-Dir - straight line, f/p - Frances
Aim: Frances, wielding a +0 vampiric halberd and wearing a +0 ring mail (heavily wounded, fast, poisoned, 87% to hit)
The blast of sand hits the soul eater but does no damage.
The soul eater is almost dead.
Frances chants phrases taken from a devil's mouth.
The soul eater hits you!
* * * LOW HITPOINT WARNING * * *
You feel drained.
* * * LOW HITPOINT WARNING * * *
Frances hits you from afar with a +0 vampiric halberd!
You die...

+. #........ #. #....... #.
#(..... #. #.)4§. #. #.§.. #.
.@§ ## #3### #@..##
############ ###..##
#..........# ####..# ### ##
#..........# #...#+#####8###⌠##
#..........###.......#.........
#........^.##8.......).).......
#..........###.......#^........
#..<.......# #.......###8###8##
#..........###.......# ### #


You could see Frances (fast, poisoned), a soul eater (summoned) and a chaos
spawn (summoned).

Vanquished Creatures
  Nessos (D:12)
  3 boulder beetles
  3 two-headed ogres
  A deep elf pyromancer (D:12)
  A manticore (D:11)
  2 gargoyles
  3 kobold demonologists
  4 unseen horrors
  5 trolls
  A hornet (D:10)
  Grinder (D:5)
  2 slime creatures (D:12)
  Sigmund (D:2)
  2 vampires
  7 spriggans (Bailey)
  A ynoxinul (D:10)
  2 shadows
  2 wyverns (D:7)
  4 wraiths
  A hog (shapeshifter) (D:12)
  11 yaks
  Menkaure (D:4)
  A steam dragon (Bailey)
  2 acid dragons
  Edmund (D:5)
  Duvessa (D:4)
  An orc warrior (D:6)
  An ice beast (D:4)
  2 black bears
  7 ogres
  3 centaurs
  18 kobold brigands
  Blork the orc (D:5)
  3 bullfrogs
  2 scorpions (D:5)
  A gnoll sergeant (D:10)
  11 wights
  Dowan (D:4)
  14 killer bees
  3 electric eels
  6 howler monkeys
  A hound (D:5)
  7 orc priests
  3 gnoll boudas
  Jessica (D:2)
  6 orc wizards
  Ijyb (D:3)
  3 iguanas
  Robin (D:3)
  18 gnolls
  11 adders
  2 shadow imps
  A white imp (D:8)
  An ufetubus (D:7)
  6 worms
  2 dart slugs
  23 orcs
  5 bats
  A bat zombie (D:6)
  6 endoplasms
  5 giant cockroaches
  15 goblins
  4 hobgoblins
  17 kobolds
  4 quokkas
  8 ball pythons
  A frilled lizard (D:2)
  4 rats
  3 rat zombies (D:6)
298 creatures vanquished.

Notes
Turn   | Place    | Note
-------+----------+-------------------------------------------
     0 | D:1      | Bnni the Formicid Earth Elementalist began the quest for
                  | the Orb.
     0 | D:1      | Reached XP level 1. HP: 13/13 MP: 3/3
   243 | D:1      | Reached XP level 2. HP: 15/20 MP: 0/5
   537 | D:1      | Reached skill level 4 in Earth Magic
   864 | D:2      | Reached skill level 1 in Fighting
   864 | D:2      | Reached XP level 3. HP: 26/26 MP: 4/6
   963 | D:2      | Reached XP level 4. HP: 32/32 MP: 0/8
  1057 | D:2      | Noticed Jessica
  1059 | D:2      | Killed Jessica
  1060 | D:2      | Reached XP level 5. HP: 37/38 MP: 5/9
  1182 | D:2      | Learned a level 2 spell: Passwall
  1186 | D:2      | Learned a level 3 spell: Stone Arrow
  1346 | D:2      | Noticed Sigmund
  1349 | D:2      | Reached skill level 5 in Earth Magic
  1354 | D:2      | Killed Sigmund
  1355 | D:2      | Reached XP level 6. HP: 20/46 MP: 3/11
  1744 | D:3      | Found a faded altar of an unknown god.
  1787 | D:3      | Noticed Ijyb
  1792 | D:3      | Killed Ijyb
  2025 | D:3      | Learned a level 4 spell: Petrify
  2118 | D:3      | Found a glowing silver altar of Zin.
  2188 | D:3      | Noticed Robin
  2205 | D:3      | Reached skill level 6 in Earth Magic
  2212 | D:3      | Killed Robin
  2331 | D:3      | Found a burning altar of Makhleb.
  2332 | D:3      | Found a blossoming altar of Fedhas.
  2423 | D:4      | Noticed an ice beast
  2429 | D:4      | Killed an ice beast
  2430 | D:4      | Reached skill level 1 in Conjurations
  2430 | D:4      | Reached XP level 7. HP: 48/52 MP: 6/12
  2656 | D:4      | Noticed Duvessa
  2657 | D:4      | Noticed Dowan
  2664 | D:4      | Killed Duvessa
  2665 | D:4      | Reached skill level 7 in Earth Magic
  2666 | D:4      | Killed Dowan
  2785 | D:4      | Reached XP level 8. HP: 60/60 MP: 11/14
  3235 | D:4      | Noticed Menkaure
  3240 | D:4      | Killed Menkaure
  3575 | D:5      | Entered Level 5 of the Dungeon
  3579 | D:5      | Found a white marble altar of Elyvilon.
  3608 | D:5      | Reached skill level 8 in Earth Magic
  3608 | D:5      | Reached skill level 1 in Invocations
  3925 | D:5      | Noticed Grinder
  3952 | D:5      | Killed Grinder
  3953 | D:5      | Reached skill level 5 in Spellcasting
  3953 | D:5      | Reached XP level 9. HP: 45/67 MP: 7/16
  4197 | D:5      | Noticed Blork the orc
  4201 | D:5      | Killed Blork the orc
  4202 | D:5      | Reached skill level 5 in Fighting
  4303 | D:5      | Noticed Edmund
  4312 | D:5      | Killed Edmund
  4313 | D:5      | Reached skill level 9 in Earth Magic
  4463 | D:5      | Found Penizetu's Self-Improvement Boutique.
  4531 | D:5      | Found a hazy altar of Hepliaklqana.
  4864 | D:6      | Found a staircase to the Ecumenical Temple.
  4870 | Temple   | Entered the Ecumenical Temple
  4907 | Temple   | Became a worshipper of Cheibriados the Contemplative
  5244 | D:6      | Found the ring of the Tortoise {AC+8}
  5421 | D:6      | Found a shadowy altar of Dithmenos.
  5699 | D:6      | Found an ancient bone altar of Kikubaaqudgha.
  5828 | D:7      | Reached * piety under Cheibriados
  5884 | D:7      | Reached skill level 10 in Earth Magic
  6157 | D:7      | Found a flagged portal.
  6166 | Bailey   | Entered a bailey
  6173 | Bailey   | Reached XP level 10. HP: 48/76 MP: 14/19
  6445 | Bailey   | Reached ** piety under Cheibriados
  6446 | Bailey   | Reached skill level 5 in Invocations
  6603 | Bailey   | Reached skill level 11 in Earth Magic
  6628 | Bailey   | Identified the +8 trident of Dishonesty {drain, Str+3 Int+3
                  | SInv}
  6858 | Bailey   | Noticed a two-headed ogre
  6864 | Bailey   | Killed a two-headed ogre
  7139 | D:7      | Found Tuoclao's General Store.
  7469 | D:7      | Reached skill level 12 in Earth Magic
  7518 | D:7      | Found a sparkling altar of Nemelex Xobeh.
  8297 | D:8      | Found a staircase to the Lair.
  8435 | D:8      | Noticed a two-headed ogre
  8440 | D:8      | Killed a two-headed ogre
  8441 | D:8      | Reached XP level 11. HP: 84/84 MP: 17/22
  8485 | D:8      | Reached *** piety under Cheibriados
  8693 | D:8      | Identified the ring "Janop" {Ice rPois Dex+3 Stlth+}
  9082 | D:8      | Found Dejuffur's Antique Armour Boutique.
  9569 | D:9      | You fall into a shaft and drop 3 floors!
  9634 | D:12     | Reached skill level 1 in Armour
  9641 | D:12     | Reached skill level 13 in Earth Magic
  9870 | D:10     | Entered Level 10 of the Dungeon
  9945 | D:10     | Reached **** piety under Cheibriados
  9974 | D:10     | Found a transporter.
 10541 | D:10     | Identified the +5 dagger of Batweoqu {vamp, rElec Dex+2}
 10568 | D:10     | Noticed a two-headed ogre
 10569 | D:10     | Noticed u553311's ghost (novice DrAE)
 10569 | D:10     | Noticed a tengu warrior
 10582 | D:10     | Found a transporter.
 10583 | D:10     | Found a bloodstained altar of Trog.
 10584 | D:10     | Noticed a moth of wrath
 10723 | D:10     | Found a bloodstained altar of Trog.
 10751 | D:10     | Found a shimmering blue altar of Sif Muna.
 10775 | D:10     | Got Sif Muna's Secrets of Bewitchment
 10855 | D:10     | Reached ***** piety under Cheibriados
 11252 | D:10     | Reached XP level 12. HP: 91/94 MP: 12/24
 11864 | D:11     | Found a staircase to the Orcish Mines.
 12134 | D:11     | Reached skill level 14 in Earth Magic
 12537 | D:11     | Reached ****** piety under Cheibriados
 12561 | D:11     | Noticed a boulder beetle
 12581 | D:11     | Killed a boulder beetle
 12582 | D:11     | Reached skill level 10 in Invocations
 12707 | D:11     | Noticed a boulder beetle
 12745 | D:11     | Killed a boulder beetle
 12755 | D:11     | Identified the +0 scale mail of Plasticity {Drain Str+5
                  | Int+7 Dex+2}
 12880 | D:12     | Noticed a boulder beetle
 12905 | D:12     | Killed a boulder beetle
 13170 | D:12     | Noticed a two-headed ogre
 13173 | D:12     | Killed a two-headed ogre
 13174 | D:12     | Reached skill level 5 in Armour
 13242 | D:12     | Noticed Nessos
 13245 | D:12     | Killed Nessos
 13246 | D:12     | Reached XP level 13. HP: 37/101 MP: 15/26
 13447 | D:12     | Noticed Frances
 13455 | D:12     | Reached skill level 15 in Earth Magic
 13457 | D:12     | Slain by Frances

Illustrated notes

Levels and vault maps discovered:
D:1:      saegor_arrival_simple_c, layout_loops_ring, minmay_pentomino_v2
D:2:      layout_basic, minmay_tall_x, uniq_jessica, uniq_sigmund
D:3:      layout_rooms, lemuel_tele_altar, mainiacjoe_overflow_divided_tiny,
          chequers_ecumenical_altar_simple_redux, uniq_robin, uniq_ijyb
D:4:      kennysheep_six_static_rooms, layout_basic, grunt_ministairs_5,
          uniq_menkaure, uniq_duvessa
D:5:      layout_loops_ring, old_standard_altar, mainiacjoe_overflow_boulevard,
          nicolae_shop_self_help, uniq_edmund, uniq_blork_the_orc, uniq_grinder
D:6:      layout_basic, lemuel_zombie_altar_kikubaaqudgha,
          grunt_dithmenos_smoke, temple_doors_e, nicolae_underground_beach
D:7:      layout_layer_cave, nemelex_dance_club_becter, enter_bailey_3,
          nicolae_stop_n_shop_2, kennysheep_minor_cross
D:8:      layout_layer_cave, dpeg_oklobed_lair, kennysheep_small_circle
D:9:      layout_basic, nicolae_elevator_lobby_asterisk
D:10:     wander_river, layout_basic, nzn_overflow_gifts_of_might_and_magic,
          gammafunk_ghost_wrathful_warriors, special_room [special_room_kobold]
D:11:     minmay_clustersquares, layout_irregular_city, orc_0_dummy
D:12:     layout_roguey, serial_corexii_hall, corexii_hall_statues_l,
          chequers_hall_statues_wall_a, uniq_frances, uniq_nessos
Temple:   nicolae_temple_bog_church

Skill      XL: |  1  2  3  4  5  6  7  8  9 10 11 12 13 |
---------------+----------------------------------------+-----
Earth Magic    | 4 5 6 7 8 10 12 13 14 15 | 15.0
Fighting       | 1 2 3 4 6 7 8 9 |  9.6
Transmutations | 2 3 |  3.0
Spellcasting   | 3 4 5 6 7 8 9 |  9.2
Conjurations   | 1 3 |  3.0
Invocations    | 2 4 6 8 10 | 10.9
Armour         | 3 5 |  5.3
Dodging        | |  1.7
Stealth        | |  2.4

Action                     |  1- 3 |  4- 6 |  7- 9 | 10-12 | 13-15 || total
---------------------------+-------+-------+-------+-------+-------++-------
  Melee: Unarmed           |     7 |       |       |       |       ||     7
         Dagger            |       |    35 |    27 |       |       ||    62
         Punch             |       |     1 |     2 |     1 |     1 ||     5
         Trident           |       |       |       |    67 |     5 ||    72
  Throw: Dart              |       |       |     6 |    16 |     1 ||    23
   Cast: Sandblast         |    28 |    59 |   147 |   299 |     1 ||   534
         Stone Arrow       |       |     1 |     3 |    19 |     3 ||    26
         Passwall          |       |       |     9 |       |       ||     9
         Petrify           |       |       |       |     3 |       ||     3
 Invoke: Slouch            |       |       |       |     2 |     3 ||     5
Ability: Dig               |       |     1 |       |     3 |       ||     4
  Evoke: Wand              |       |       |     4 |     3 |       ||     7
    Use: Scroll            |       |     4 |     2 |     5 |       ||    11
         Potion            |       |       |     1 |     4 |       ||     5
   Stab: Sleeping          |       |       |     1 |       |     1 ||     2
         Petrified         |       |       |       |     6 |       ||     6
 Armour: Robe              |     2 |    10 |       |       |       ||    12
         Ring mail         |       |     9 |    14 |       |       ||    23
         Scale mail        |       |       |    29 |    48 |     5 ||    82
         Chain mail        |       |       |       |   188 |       ||   188
  Dodge: Dodged            |    11 |    45 |    34 |   189 |     3 ||   282
